[Event "Late-Titled-Tuesday-Blitz-February-20-2024"]
[Site "Chess.com"]
[Date "2024.02.20"]
[Round "1"]
[White "a_kandil"]
[Black "Vladimir_Zakhartsov"]
[Result "1/2-1/2"]
[WhiteElo "2439"]
[BlackElo "2817"]
[TimeControl "180+1"]
[EndTime "14:08:39 PST"]
[Termination "Game drawn by repetition"]

1. e4 c5 2. Nf3 d6 3. Bb5+ Nd7 4.
O-O a6 5. Bd3 g6 6. c3 Bg7 7.
Qe2 Ngf6 8. Bc2 Ne5 9. d4 Nxf3+ 10. Qxf3 Nd7 11. Rd1 O-O 12. h3 Qc7 13. Qe2 b5 14.
a4 b4 15. Bf4 Bb7 16. d5 a5 17. Bd3 Nb6 18. c4 Qd7 19. Qc2 e6 20. Ra2 exd5 21.
exd5 Rfe8 22. b3 Be5 23. Bxe5 Rxe5 24. Nd2 Rae8 25. Nf3 R5e7 26. Raa1 Qd8 27. Qd2 Nd7 28. Re1 Bc8 29. Rxe7 Rxe7 30. Re1 Qe8 31. Rxe7 Qxe7 32. Qf4 Qf6 33. Qe3 Kf8 34. Qh6+ Qg7 35. Qh4 Ke8 36.
Ng5 Nf6 37. Qf4 Kd7 38. Qe3 h6 39. Nf3 Kd8 40. Nd2 Ne8 41. Ne4 Qa1+ 42. Kh2 Qe5+ 43. Qg3 Qxg3+ 44. Kxg3 Bf5 45. Kf4 Ke7 46. g4 Bxe4 47.
Bxe4 g5+ 48. Ke3 Kf6 49. f4 Ke7 50. Kf3 Nf6 51. Bf5 Ng8 52. Kg3 Kf6 53. h4 Ne7 54.
Be4 Nc8 55. fxg5+ hxg5 56. h5 Ne7 57. h6 Ng6 58. h7 Nh8 59. Kf3 Kg7 60. Bf5 f6 61.
Bc2 Nf7 62. Ke4 Nh6 63. Kf3 Kh8 64. Bd3 Nf7 65. Bc2 Ne5+ 66. Kg3 Kg7 67. Bf5 Nf7 68.
Bc2 Nh6 69. Kf3 f5 70. Bxf5 Nxf5 71. gxf5 Kxh7 72. Kg4 Kh6 73. f6 Kg6 74. f7 Kxf7 75.
Kxg5 Kg7 76. Kf5 Kf7 77. Kg5 Kg7 78. Kf5 Kf7 79. Kg5 1/2-1/2

[Event "Late-Titled-Tuesday-Blitz-February-20-2024"]
[Site "Chess.com"]
[Date "2024.02.20"]
[Round "1"]
[White "LeninGuerra"]
[Black "mjelcic"]
[Result "1/2-1/2"]
[WhiteElo "2564"]
[BlackElo "2232"]
[TimeControl "180+1"]
[EndTime "14:08:40 PST"]
[Termination "Game drawn - insufficient material"]

1. e4 g6 2. d4 Bg7 3. Nc3 d6 4. Nf3 Nd7 5. Be2 a6 6. O-O b5 7.
a4 b4 8. Nd5 a5 9. c3 c6 10.
Ne3 Ngf6 11. e5 Nd5 12. Nxd5 cxd5 13. Bb5 dxe5 14. dxe5 O-O 15. cxb4 Nxe5 16. bxa5 Bg4 17. Be2 Nxf3+ 18. Bxf3 Bxf3 19. Qxf3 Rxa5 20. Ra3 Qa8 21.
Qd1 Rb8 22. b3 d4 23. Bd2 Ra7 24. b4 e5 25. b5 Rxb5 26. axb5 Rxa3 27. Bb4 Ra2 28. Qb3 e4 29. b6 Ra1 30. Bc5 d3 31. g3 Rxf1+ 32. Kxf1 d2 33. Ke2 e3 34. b7 Qa6+ 35. Kxe3 Bh6+ 36. Kd4 Qxb7 37. Qxb7 d1=Q+ 38. Kc4 Qc2+ 39. Kb5 Qb3+ 40. Kc6 Qf3+ 41. Kb6 Qxb7+ 42. Kxb7 f5 43. Kc6 Kf7 44. Kd5 Bd2 45. Bd4 Ba5 46.
f3 Bc7 47. Be5 Bb6 48. f4 Bg1 49. h3 h5 50. Bd4 Bh2 51. Bf2 h4 52. gxh4 Bxf4 53.
Kd4 Ke6 54. Kd3 Kd5 55. Bd4 Bg3 56. Bf6 f4 57. Bg5 f3 58. Ke3 f2 59. Ke2 Ke4 60.
Bd8 Kf5 61. Bg5 Ke4 62. Bd8 Kd4 63. Bg5 Kd5 64. Be3 Bxh4 65. Bxf2 Bxf2 66. Kxf2 Ke4 67.
Kg3 Kf5 68. Kf3 g5 69. Kg3 Kg6 70. Kg4 Kh6 71. Kg3 Kh5 72. Kf3 Kh4 73. Kg2 g4 74. hxg4 Kxg4 1/2-1/2

[Event "Late-Titled-Tuesday-Blitz-February-20-2024"]
[Site "Chess.com"]
[Date "2024.02.20"]
[Round "1"]
[White "ahkashefi2800"]
[Black "Bigfish1995"]
[Result "1-0"]
[WhiteElo "2532"]
[BlackElo "3164"]
[TimeControl "180+1"]
[EndTime "14:08:42 PST"]
[Termination "ahkashefi2800 won by checkmate"]

1. Nf3 d5 2. g3 g6 3. Bg2 Bg7 4. O-O e5 5. d3 Ne7 6. e4 O-O 7. Nc3 d4 8. Ne2 c5 9. a4 Nbc6 10. Nd2 Rb8 11. Nc4 Be6 12. f4 Bxc4 13. dxc4 exf4 14. Nxf4 Ne5 15. Qe2 N7c6 16. Nd5 Nb4 17. Bf4 Re8 18. Rad1 Nxd5 19. exd5 Qd7 20. b3 d3 21. Qd2 dxc2 22. Qxc2 Rbd8 23. h3 f5 24. Kh2 Nf7 25. Rde1 Be5 26. Be3 Qd6 27. Qf2 b6 28. Bf4 Re7 29. Re2 Rde8 30. Bxe5 Rxe5 31. Rfe1 Rxe2 32.
Rxe2 Rxe2 33. Qxe2 Qe5 34. Qd2 Nd6 35. Qg5 Nf7 36.
Qd2 Kg7 37. h4 Kf6 38. Kh3 h6 39. a5 g5 40. axb6 axb6 41. b4 Nd6 42. bxc5 bxc5 43. Qa5 g4+ 44. Kh2 f4 45. Qd8+ Kg7 46. Qd7+ Kf6 47.
Qxg4 fxg3+ 48. Kh3 Nf5 49. h5 Qd4 50. Be4 Ne3 51. Qf4+ Ke7 52. Qc7+ Kf8 53. Qd8+ Kg7 54. Qe7+ Kg8 55. Qe8+ Kg7 56. Qe7+ Kg8 57. Qe8+ Kg7 58. Qg6+ Kf8 59. Qxh6+ Ke7 60. Qe6+ Kd8 61. Qd6+ Kc8 62.
Qc6+ Kb8 63. Qb6+ Kc8 64. Qc6+ Kb8 65. Qd6+ Kb7 66. Qd7+ Kb6 67. Qc6+ Ka5 68. Qb5# 1-0

[Event "Late-Titled-Tuesday-Blitz-February-20-2024"]
[Site "Chess.com"]
[Date "2024.02.20"]
[Round "1"]
[White "Atanejhad"]
[Black "GMRAVEN_ON_YOUTUBE"]
[Result "0-1"]
[WhiteElo "2402"]
[BlackElo "2754"]
[TimeControl "180+1"]
[EndTime "14:08:46 PST"]
[Termination "GMRAVEN_ON_YOUTUBE won by resignation"]

1. d4 f5 2. b3 Nf6 3. Bb2 g6 4. Nd2 Bg7 5. e3 O-O 6. c4 d6 7. Ngf3 Qe8 8. d5 a5 9. Bd3 Na6 10. O-O Nc5 11. Bc2 Nh5 12. Bxg7 Nxg7 13. Nd4 e5 14. dxe6 Ngxe6 15. N2f3 f4 16. Re1 Qf7 17. Qd2 fxe3 18. Rxe3 Nf4 19. Rae1 Qf6 20. Nb5 Nce6 21. Qc3 Bd7 22. Qxf6 Rxf6 23. Nbd4 Raf8 24. Nxe6 Bxe6 25. Nd4 Bd7 26. Be4 c6 27. f3 Kg7 28.
Ne2 Ne6 29. Nc3 Nc5 30. Bc2 R6f7 31. a3 Ra8 32. Re7 Kf8 33. Rxf7+ Kxf7 34. Kf2 a4 35. b4 Nb3 36. Rd1 Ke7 37. Ne4 Bf5 38. Re1 Bxe4 39.
Rxe4+ Kd7 40. Rf4 Ke7 41. Re4+ Kd7 42. Rh4 Rh8 43. Bxg6 h6 44. Rf4 Ke6 45. Bc2 Ke5 46. Re4+ Kf6 47. Bxb3 axb3 48. Re3 b2 49. Rb3 Ra8 50. Rxb2 Rxa3 51. c5 d5 52. g4 Ke5 53.
Kg3 Re3 54. Kf2 Kf4 55. Kg2 Rxf3 56. h3 Rg3+ 57. Kh2 d4 58. Rf2+ Rf3 59. Rd2 d3 60.
Rd1 Ke3 61. Kg2 Rf2+ 62. Kg3 d2 63. h4 Re2 64. g5 hxg5 65. hxg5 Re1 66. Rxd2 Kxd2 67.
Kf4 Rg1 68. Ke5 Rxg5+ 69. Kd6 Rg7 0-1

[Event "Late-Titled-Tuesday-Blitz-February-20-2024"]
[Site "Chess.com"]
[Date "2024.02.20"]
[Round "1"]
[White "Flawless_Fighter"]
[Black "emeli_chess"]
[Result "1/2-1/2"]
[WhiteElo "2753"]
[BlackElo "2413"]
[TimeControl "180+1"]
[EndTime "14:08:48 PST"]
[Termination "Game drawn - insufficient material"]

1. e4 e5 2. Nf3 Nc6 3. Nc3 Nf6 4. Bb5 Bb4 5. O-O O-O 6. d3 d6 7. Ne2 a6 8. Bxc6 bxc6 9. c3 Bc5 10. h3 h6 11. d4 exd4 12. cxd4 Bb6 13. Ng3 Re8 14. Re1 c5 15. e5 dxe5 16. dxe5 Qxd1 17. Rxd1 Nd7 18. Bf4 Nf8 19. Rac1 Ng6 20. Be3 Nxe5 21. Nxe5 Rxe5 22. Rd8+ Kh7 23. b4 Rxe3 24. fxe3 cxb4 25.
Kf2 Bb7 26. Rxa8 Bxa8 27. Ne2 Bd5 28. Rc2 a5 29. Nf4 Be4 30. Rd2 c6 31. Rd7 g5 32.
Nh5 Kg6 33. Ng3 Bb1 34. Rd2 a4 35. Rd6+ Kg7 36. Rxc6 Bd8 37. Ra6 b3 38. axb3 axb3 39. Ra3 Ba2 40. Ne2 Be7 41. Ra7 Bf6 42. Rb7 b2 43. Rxb2 Bxb2 44. e4 Bc4 45. Ng3 Bd3 46.
Ke3 Bb1 47. Nf5+ Kg6 48. Nd6 Kf6 49. Nc4 Ba1 50. Nd2 Ba2 51. Kd3 Be6 52. Nf3 Be5 53. Ke3 Bf4+ 54. Kd3 Bb8 55. Kd4 Ba7+ 56. Kd3 Ke7 57.
Ne5 f5 58. Nc6+ Kd6 59. Nxa7 fxe4+ 60. Kxe4 Bd5+ 61. Kf5 Bxg2 62. h4 gxh4 63. Kg4 h3 64.
Kg3 Ke5 65. Nb5 h5 66. Nc3 h4+ 67. Kh2 Kf4 68. Ne2+ Ke3 69. Ng1 Kf4 70. Nxh3+ Bxh3 71. Kxh3 Kg5 72. Kh2 h3 73. Kh1 h2 74. Kxh2 1/2-1/2

[Event "Late-Titled-Tuesday-Blitz-February-20-2024"]
[Site "Chess.com"]
[Date "2024.02.20"]
[Round "1"]
[White "alexrustemov"]
[Black "Bilan_Danila"]
[Result "1-0"]
[WhiteElo "2897"]
[BlackElo "2461"]
[TimeControl "180+1"]
[EndTime "14:08:53 PST"]
[Termination "alexrustemov won by checkmate"]

1. d4 d5 2. c4 c6 3. Nc3 Nf6 4. e3 e6 5. Nf3 Nbd7 6. Qc2 Bd6 7. Bd2 b6 8. O-O-O Bb7 9. Kb1 Qe7 10. Bd3 dxc4 11.
Bxc4 c5 12. Nb5 Bb8 13. dxc5 Nxc5 14. Nc3 Nfe4 15. Bb5+ Kf8 16. Rhf1 Nxd2+ 17. Qxd2 Bc7 18. Qe2 g6 19. Ka1 Kg7 20. Nd4 a6 21. Bc6 Be5 22.
Bxb7 Qxb7 23. h3 Rhd8 24. f3 Rd7 25. Rd2 Rad8 26. Rfd1 b5 27. Nb1 Na4 28. g4 Nb6 29. Na3 Bxd4 30. Rxd4 Rxd4 31. Rxd4 Rxd4 32. exd4 Qd5 33.
Nc2 Nc4 34. b3 Na5 35. Qe5+ Qxe5 36. dxe5 Nc6 37. f4 g5 38. fxg5 Nxe5 39. Kb2 Kg6 40.
Kc3 Kxg5 41. Kd4 Kf4 42. Kc5 Nd3+ 43. Kb6 b4 44. Kxa6 e5 45. Kb5 e4 46. Kc4 h6 47. a4 bxa3 48. Nxa3 Ne5+ 49. Kc3 e3 50. Nc2 Kf3 51. b4 e2 52. b5 Kf2 53. Kd4 Nf3+ 54.
Kd5 Ne1 55. Nd4 Nd3 56. Nxe2 Kxe2 57. b6 Nb4+ 58. Ke4 Kf2 59. b7 Na6 60. Kf4 Kg2 61.
h4 Kh3 62. h5 Kh4 63. Kf5 Kg3 64. g5 hxg5 65. h6 g4 66. h7 Kf3 67. h8=Q g3 68. Qc3+ Kg2 69. Qd2+ Kh3 70. Qd3 Nc5 71. Qf3 Nxb7 72.
Qh1# 1-0

[Event "Late-Titled-Tuesday-Blitz-February-20-2024"]
[Site "Chess.com"]
[Date "2024.02.20"]
[Round "1"]
[White "yaguigor"]
[Black "CRObliterator"]
[Result "0-1"]
[WhiteElo "2633"]
[BlackElo "2358"]
[TimeControl "180+1"]
[EndTime "14:08:54 PST"]
[Termination "CRObliterator won on time"]

1. Nf3 Nf6 2. c4 c5 3. d4 cxd4 4. Nxd4 g6 5. Nc3 Bg7 6. e4 d6 7. Be2 O-O 8. O-O Nc6 9. Be3 a6 10. Qd2 Qa5 11. Rfd1 Nxd4 12. Bxd4 Be6 13. f3 Rfe8 14.
a3 Rac8 15. b4 Qh5 16. Nd5 Nxd5 17. exd5 Bxd4+ 18. Qxd4 Bd7 19. c5 e6 20. Bc4 exd5 21.
Bxd5 dxc5 22. Bxf7+ Kxf7 23. Qxd7+ Kg8 24. Qxb7 cxb4 25. axb4 Rc2 26. Ra5 Qh4 27. Qd5+ Kg7 28. Rf1 Ree2 29. f4 Rxg2+ 30. Qxg2 Rxg2+ 31. Kxg2 Qg4+ 32. Kh1 Qe2 33. Rfa1 Qf3+ 34. Kg1 Qxf4 35. Rxa6 Qxb4 36. Ra7+ Kh6 37. R7a3 Qd4+ 38. Kg2 Qe4+ 39.
Kg1 Qd4+ 40. Kg2 Qg4+ 41. Kh1 Qe4+ 42. Kg1 Qg4+ 43. Kf2 Qf4+ 44. Kg2 Qd2+ 45. Kg3 Qd6+ 46. Kh3 Qe6+ 47. Kg3 Qe5+ 48. Kg2 Qd5+ 49. Rf3 Qd2+ 50. Rf2 Qd5+ 51. Rf3 Qg5+ 52. Kh1 Qd5 53. Rf1 g5 54. h3 Kh5 55. Kh2 Qe5+ 56. Kg2 Qb2+ 57. R1f2 Qb7 58. Kg1 h6 59. Kh2 Qb1 60. Kg2 Qb8 61. Kg1 Qb7 62.
Kh2 Kh4 63. Rg3 Qc7 64. Rf3 h5 65. Kg2 Qc2+ 66. Rf2 Qc6+ 67. Kh2 Qd6 68. Rg2 g4 69. hxg4 hxg4 70. Rg1 Qf4 71. Rg2 Qe5 72. Kh1 Qxg3 73.
Rxg3 Kxg3 74. Kg1 Kf3 75. Kf1 g3 76. Kg1 g2 77. Kh2 Kf2 0-1

[Event "Late-Titled-Tuesday-Blitz-February-20-2024"]
[Site "Chess.com"]
[Date "2024.02.20"]
[Round "1"]
[White "KingCrusher275"]
[Black "BilodeauA"]
[Result "0-1"]
[WhiteElo "2504"]
[BlackElo "3030"]
[TimeControl "180+1"]
[EndTime "14:08:56 PST"]
[Termination "BilodeauA won by resignation"]

1. d4 d5 2. c4 dxc4 3. e4 Nf6 4.
e5 Nd5 5. Bxc4 Nb6 6. Bd3 Nc6 7. Ne2 Be6 8. O-O Qd7 9. Nbc3 O-O-O 10. Be3 Nxe5 11. Bc2 Nec4 12. Rc1 Nxb2 13. Qe1 Bc4 14. Ne4 Nd3 15. Bxd3 Bxd3 16. Nc5 Qb5 17. a4 Nxa4 18. Nxa4 Qxa4 19. Qc3 Qc4 20. Qxc4 Bxc4 21. Rxc4 e6 22. Nc3 c6 23. Ra1 a6 24. Ne4 Be7 25. g3 Rd5 26. Nc5 Rhd8 27. Kg2 Kc7 28. Rb1 b5 29. Nxa6+ Kb6 30.
Nc5 Ra8 31. Ne4 Kb7 32. Rc2 Ra3 33. Rbc1 Ra6 34. Nc3 Rd7 35. Ne4 Rd5 36. Nc5+ Bxc5 37. Rxc5 Rxc5 38. dxc5 f6 39. Rd1 Kc7 40. Kf1 Ra2 41.
Rd2 Ra1+ 42. Ke2 e5 43. Kd3 Ra4 44. Kc3 h5 45. h4 Rc4+ 46. Kb3 Re4 47. Rd6 Ra4 48.
Re6 Kd7 49. Rd6+ Kc7 50. Bd2 Ra1 51. Kb2 Ra4 52. Bc3 Ra8 53. Rd1 Ra7 54. Ra1 Rb7 55. Ra6 Kd7 56. Ba5 g6 57. Ra8 Ke6 58. Rd8 Rd7 59.
Rxd7 Kxd7 60. Kc3 Ke6 61. Kb4 Kd5 62. Bc7 Ke4 63. Ka5 Kf3 64. Ka6 b4 65. Ba5 b3 66.
Bc3 Kxf2 67. Kb6 e4 68. Kxc6 e3 69. Kd5 e2 70. c6 b2 71. c7 b1=Q 72. c8=Q Qb3+ 73.
Kd6 Kxg3 74. Qc5 Qd1+ 75. Ke6 Qd3 76. Kxf6 Kxh4 77. Qf2+ Kg4 78. Be1 Qf3+ 79. Kxg6 Qxf2 80. Bxf2 h4 0-1

[Event "Late-Titled-Tuesday-Blitz-February-20-2024"]
[Site "Chess.com"]
[Date "2024.02.20"]
[Round "1"]
[White "cukricek"]
[Black "Sanan_Sjugirov"]
[Result "1-0"]
[WhiteElo "2470"]
[BlackElo "2871"]
[TimeControl "180+1"]
[EndTime "14:08:58 PST"]
[Termination "cukricek won on time"]

1. g3 d5 2. Nf3 c6 3. Bg2 Nf6 4. O-O Bf5 5. d3 e6 6. Nc3 h6 7. Nd2 Bh7 8. e4 Be7 9. f4 O-O 10. Qe2 a5 11. g4 Na6 12. g5 hxg5 13. fxg5 Nd7 14. Nf3 dxe4 15. Nxe4 Nac5 16. Ng3 Qc7 17. d4 Na6 18. Ne5 Nxe5 19. dxe5 Nb4 20. Be4 Bxe4 21. Qxe4 Rad8 22. a3 Qb6+ 23. Kh1 Na6 24. g6 Qd4 25. gxf7+ Rxf7 26. Rxf7 Qxe4+ 27. Nxe4 Rd1+ 28. Kg2 Kxf7 29. Nf2 Rd5 30. Bf4 Nc5 31. Rd1 g5 32. Bg3 Kg6 33. Rxd5 exd5 34. Kf3 Kf5 35. Nd3 Ne6 36. Ke3 g4 37. b3 Bg5+ 38. Ke2 Nd4+ 39. Kd1 Be7 40. a4 Nf3 41. Ke2 c5 42. Nf2 Bg5 43. Nd1 Nxe5 44. Nc3 Ke6 45. Nb5 Bd8 46. Ke3 Bg5+ 47. Ke2 Bd8 48. Ke3 Ng6 49. Nc7+ Kf5 50. Nxd5 Bg5+ 51. Kd3 Bh4 52. Kc4 Bxg3 53. hxg3 Ke4 54. Kxc5 Kf3 55. Nf6 Kxg3 56. Kb6 Kf4 57. Nxg4 Kxg4 58. Kxb7 Kf5 59. Kb6 Ke6 60. Kxa5 Kd7 61. Kb6 Kc8 62. a5 Kb8 63. a6 Ne5 64. c4 Nd7+ 65. Kc6 Ne5+ 66. Kd5 Nd3 67. Kc6 Nb4+ 68. Kb5 Nd3 69. c5 Ka7 70. c6 Kb8 71. Kb6 Ne5 72. a7+ Ka8 73. c7 Nd7+ 74. Kc6 Ne5+ 75. Kd5 1-0

[Event "Late-Titled-Tuesday-Blitz-February-20-2024"]
[Site "Chess.com"]
[Date "2024.02.20"]
[Round "1"]
[White "WindWhistler11"]
[Black "Genghis_K"]
[Result "0-1"]
[WhiteElo "2479"]
[BlackElo "2946"]
[TimeControl "180+1"]
[EndTime "14:09:07 PST"]
[Termination "Genghis_K won on time"]

1. Nf3 d5 2. c4 d4 3. e3 Nc6 4. b4 dxe3 5. fxe3 Nxb4 6. Qa4+ Nc6 7. d4 Bd7 8. Qb3 e5 9. Be2 Bb4+ 10. Nc3 exd4 11.
exd4 Nf6 12. d5 Bxc3+ 13. Qxc3 Ne7 14. Bg5 Ng6 15. O-O O-O 16. Nd4 Ne4 17. Bxd8 Nxc3 18. Bxc7 Rac8 19. d6 Nxe2+ 20. Nxe2 Ne5 21. Rac1 Rfe8 22.
Nf4 Bc6 23. Rfe1 f6 24. Rcd1 Kf7 25. Nd5 Nxc4 26. Ne7 Ne5 27. Nxc8 Rxc8 28. Rxe5 fxe5 29. d7 Bxd7 30. Rxd7+ Kf6 31. Kf2 b5 32. Ke3 a6 33.
Ke4 Re8 34. Rd6+ Kf7 35. Rd5 Rc8 36. Rc5 Ke6 37. Rxe5+ Kd7 38. Bb6 Rc2 39. Bc5 Rxg2 40. h4 Rg4+ 41. Kd5 Rxh4 42. Re7+ Kc8 43. Rxg7 Rh6 44.
Bd6 Kd8 45. Kc6 Ke8 46. a3 Rh3 47. Re7+ Kd8 48. Rf7 Rc3+ 49. Bc5 Re3 50. Rd7+ Ke8 51. Rxh7 Re6+ 52. Bd6 a5 53. Rb7 b4 54. a4 Re4 55.
Rh7 b3 56. Rb7 Rc4+ 57. Bc5 Rxa4 58. Re7+ Kd8 59. Rf7 Re4 60. Rf8+ Re8 61. Rf7 b2 62. Rb7 Re2 63. Bd6 Rc2+ 64. Bc5 Ke8 65. Rb8+ Kf7 66.
Rb3 a4 67. Rb7+ Ke6 68. Re7+ Kf6 69. Rb7 a3 70. Kd5 Rxc5+ 71. Kxc5 a2 72. Rxb2 a1=Q 73. Rb6+ Ke5 74. Kc6 Qh1+ 75. Kb5 Kd5 76. Ka6 Qf1+ 77. Kb7 Qf3 78. Ka6 Kc5 79. Rb5+ Kc6 80. Rb6+ Kc7 0-1

[Event "Late-Titled-Tuesday-Blitz-February-20-2024"]
[Site "Chess.com"]
[Date "2024.02.20"]
[Round "1"]
[White "Statham_01"]
[Black "DraningWaterHi"]
[Result "1/2-1/2"]
[WhiteElo "2578"]
[BlackElo "2243"]
[TimeControl "180+1"]
[EndTime "14:09:10 PST"]
[Termination "Game drawn - insufficient material"]

1. e4 e5 2. Nf3 Nc6 3. c3 Nf6 4. d4 d6 5. dxe5 Nxe5 6. Nxe5 dxe5 7.
Qxd8+ Kxd8 8. f3 Bd6 9. Be3 Ke7 10. Nd2 Be6 11. Bc4 Rhd8 12. Bxe6 Kxe6 13. O-O-O Nd7 14. Nc4 Nb6 15. Bxb6 axb6 16. a3 Bc5 17. Kc2 f6 18. b4 Be7 19. Kb3 h5 20. Ne3 c6 21. g3 b5 22. f4 Bd6 23. f5+ Kf7 24. h3 Bc7 25. g4 Bb6 26. Ng2 hxg4 27. hxg4 Rxd1 28. Rxd1 Rd8 29. Rxd8 Bxd8 30. c4 bxc4+ 31. Kxc4 Bb6 32. Ne1 Ke7 33. a4 Kd7 34. Nd3 Kd6 35.
Nb2 Bd4 36. Nd3 Bg1 37. Nc1 Be3 38. Ne2 Bf2 39. a5 Be1 40. Ng1 c5 41. bxc5+ Kc6 42. Ne2 Bxa5 43. Ng3 Bd8 44. Nh5 Be7 45. Nxg7 Bxc5 46.
Ne6 Be7 47. Ng7 b5+ 48. Kc3 Kc5 49. Nh5 b4+ 50. Kd3 Kb5 51. g5 fxg5 52. f6 Bf8 53. f7 g4 54. Nf6 g3 55. Nd7 Be7 56. Nxe5 g2 57. Nf3 Ka4 58. e5 Ka3 59. Ke2 b3 60. Kf2 Bb4 61. Kxg2 b2 62. Nd2 Ka2 63. Kf3 Bxd2 64.
f8=Q b1=Q 65. Qa8+ Kb3 66. Qb7+ Bb4 67. Qd5+ Ka4 68.
Qa8+ Kb3 69. e6 Qf5+ 70. Kg3 Qxe6 71. Kf3 Bc5 72. Qb7+ Kc4 73. Qa8 Qe3+ 74. Kg4 Qd4+ 75. Kf5 Kd3 76. Qa6+ Ke3 77. Qc8 Qd5+ 78. Kg6 Bd4 79.
Qf5 Qg8+ 80. Kh5 Qh8+ 81. Kg6 Qg7+ 82. Kh5 Be5 83. Qg5+ Qxg5+ 84. Kxg5 1/2-1/2

[Event "Late-Titled-Tuesday-Blitz-February-20-2024"]
[Site "Chess.com"]
[Date "2024.02.20"]
[Round "1"]
[White "Andrei_Skvortsov"]
[Black "Dzidzik2203"]
[Result "1/2-1/2"]
[WhiteElo "2687"]
[BlackElo "2382"]
[TimeControl "180+1"]
[EndTime "14:09:14 PST"]
[Termination "Game drawn - insufficient material"]

1. e4 c5 2. d4 cxd4 3. Qxd4 Nc6 4. Qd3 Nf6 5. Nc3 e6 6. Bf4 d5 7. exd5 Nxd5 8. Nxd5 Qxd5 9. Qxd5 exd5 10. O-O-O Be6 11. Ne2 Bc5 12. Bg3 O-O 13. Nf4 Rad8 14. Kb1 Rfe8 15. Bb5 a6 16. Bxc6 bxc6 17. Nd3 Bf8 18.
Rhe1 Bf5 19. Ne5 Re6 20. Nf3 Bc5 21. Rxe6 fxe6 22. Ne5 Rc8 23. Kc1 Be7 24. b3 c5 25.
c4 d4 26. Nd7 Rd8 27. Ne5 Bf6 28. Nd3 Bxd3 29. Rxd3 e5 30. f3 Kf7 31. Kd1 Ke6 32. Ke2 Kf5 33. Be1 h5 34. h3 h4 35. Bd2 e4 36. fxe4+ Kxe4 37. Be1 g5 38. Rf3 d3+ 39. Kd1 Be5 40. Bf2 Bd4 41. Be1 Be3 42. Bd2 Bf4 43. Ba5 Rd7 44. Be1 Ra7 45. Bf2 Rc7 46. Be1 Rc6 47. Rf2 Rg6 48. Rf3 Rg8 49. Bf2 Rc8 50.
Bg1 a5 51. Rf1 a4 52. Re1+ Kf5 53. Be3 axb3 54. axb3 Rb8 55. Bxf4 gxf4 56. Kd2 Rxb3 57. Re8 Rb2+ 58. Kxd3 Rxg2 59. Rf8+ Ke5 60. Re8+ Kf6 61.
Rf8+ Ke5 62. Re8+ Kd6 63. Rd8+ Ke7 64. Rc8 Rg3+ 65. Ke4 Rxh3 66. Kxf4 Kd6 67. Rd8+ Kc6 68. Rc8+ Kd6 69. Rd8+ Kc7 70. Rd5 Kc6 71. Rh5 Rc3 72. Rh6+ Kb7 73. Ke5 Rxc4 74. Kd5 Rc1 75. Rxh4 Kb6 76.
Rh8 c4 77. Rb8+ Ka5 78. Kd4 Ka4 79. Rc8 Kb3 80. Rb8+ Ka3 81. Ra8+ Kb4 82. Rb8+ Ka3 83.
Ra8+ Kb2 84. Rb8+ Ka2 85. Ra8+ Kb1 86. Rb8+ Kc2 87. Kxc4 Rb1 88. Rxb1 Kxb1 1/2-1/2

[Event "Late-Titled-Tuesday-Blitz-February-20-2024"]
[Site "Chess.com"]
[Date "2024.02.20"]
[Round "1"]
[White "SnekkerAndersen"]
[Black "jamengrand"]
[Result "1/2-1/2"]
[WhiteElo "2623"]
[BlackElo "2335"]
[TimeControl "180+1"]
[EndTime "14:09:19 PST"]
[Termination "Game drawn - insufficient material"]

1. d4 d5 2. c4 e6 3. Nf3 Nf6 4. g3 dxc4 5. Bg2 Bd7 6. Ne5 Bc6 7.
Nxc6 Nxc6 8. e3 Qd7 9. O-O O-O-O 10. Qa4 Nd5 11. Qxc4 h5 12. Nc3 h4 13. Bd2 f5 14.
Rac1 Nb6 15. Qb5 h3 16. Bh1 a6 17. Bxc6 Qxc6 18. Qxc6 bxc6 19. Rfd1 Nc4 20. b3 Nxd2 21.
Rxd2 Ba3 22. Rcd1 Bb4 23. Rc2 e5 24. Ne2 c5 25. Kf1 g5 26. Rdc1 exd4 27. exd4 Ba3 28. Rd1 Rhe8 29. Rcd2 Bb4 30. Rd3 cxd4 31. Nxd4 c5 32. Nc2 Rxd3 33. Rxd3 Re5 34. a3 Ba5 35. f4 gxf4 36. gxf4 Re4 37. Rxh3 Rxf4+ 38. Ke2 Bc7 39. Re3 Rh4 40. h3 Kb7 41. Rf3 f4 42. Ne1 Rh6 43. Nd3 Re6+ 44. Kd2 Rh6 45. Nxc5+ Kc6 46. Nd3 Rh4 47. Kc3 Kd5 48. Nf2 Be5+ 49. Kd3 Rh8 50. Ng4 Rc8 51. Kd2 Ke4 52. Rf2 Bg7 53. Rf1 Bc3+ 54.
Kd1 Bd4 55. Kd2 Be3+ 56. Nxe3 fxe3+ 57. Ke2 Rc2+ 58. Kd1 Ra2 59. Rf8 Kd3 60. Rd8+ Kc3 61. Re8 Kd3 62. Rd8+ Kc3 63. Rb8 Rh2 64. b4 Kd3 65.
Rd8+ Kc3 66. Rd6 Rg2 67. Rxa6 Kd3 68. Rd6+ Kc3 69. b5 Ra2 70. b6 Rxa3 71. Ke2 Rb3 72.
Kxe3 Kc4+ 73. Ke4 Rxh3 74. b7 Rb3 75. Rd7 Rb6 76. Ke5 Kb5 77. Kd5 Ka6 78. Kc5 Rb5+ 79.
Kc6 Rb6+ 80. Kc5 Rxb7 81. Rxb7 Kxb7 1/2-1/2

[Event "Late-Titled-Tuesday-Blitz-February-20-2024"]
[Site "Chess.com"]
[Date "2024.02.20"]
[Round "2"]
[White "ArchibaldCerveza29"]
[Black "northridgehawk"]
[Result "0-1"]
[WhiteElo "2467"]
[BlackElo "2254"]
[TimeControl "180+1"]
[EndTime "14:11:24 PST"]
[Termination "northridgehawk won by checkmate"]

1. e4 e5 2. Nf3 Nc6 3. Bb5 a6 4. Ba4 b5 5. Bb3 Nf6 6. Ng5 d5 7. exd5 Nd4 8. O-O Nxb3 9. axb3 Qxd5 10. Nc3 Qc6 11. d4 Bb7 12. dxe5 Qxg2# 0-1

[Event "Late-Titled-Tuesday-Blitz-February-20-2024"]
[Site "Chess.com"]
[Date "2024.02.20"]
[Round "2"]
[White "Doudou2015"]
[Black "diskeleven"]
[Result "0-1"]
[WhiteElo "2182"]
[BlackElo "2456"]
[TimeControl "180+1"]
[EndTime "14:11:32 PST"]
[Termination "diskeleven won by resignation"]

1. b3 c5 2. Bb2 Nc6 3. e3 Nf6 4.
f4 g6 5. Nf3 Bg7 6. Bd3 O-O 7.
h4 h5 8. a3 d6 9. Nc3 Bg4 10.
Ne2 Qc7 11. Ng3 e5 12. fxe5 dxe5 13. Be2 e4 0-1

[Event "Late-Titled-Tuesday-Blitz-February-20-2024"]
[Site "Chess.com"]
[Date "2024.02.20"]
[Round "2"]
[White "KChor05"]
[Black "Polish_fighter3000"]
[Result "0-1"]
[WhiteElo "2624"]
[BlackElo "3067"]
[TimeControl "180+1"]
[EndTime "14:11:36 PST"]
[Termination "Polish_fighter3000 won by resignation"]

1. e4 c5 2. Nf3 d6 3. d4 cxd4 4. Nxd4 Nf6 5. Nc3 Bd7 6. Bg5 e6 7. Qd2 a6 8. O-O-O h6 9. Bh4 Nxe4 10. Nxe4 Qxh4 11. Nxd6+ Bxd6 12. Nf3 Qf4 0-1

[Event "Late-Titled-Tuesday-Blitz-February-20-2024"]
[Site "Chess.com"]
[Date "2024.02.20"]
[Round "2"]
[White "GP9isback23"]
[Black "Ready4abattle"]
[Result "1/2-1/2"]
[WhiteElo "2581"]
[BlackElo "2273"]
[TimeControl "180+1"]
[EndTime "14:12:21 PST"]
[Termination "Game drawn by repetition"]

1. d4 Nf6 2. Nf3 g6 3. g3 c6 4. Bg2 d5 5. O-O Bg7 6. b3 a5 7. Bb2 a4 8. a3 O-O 9. b4 Ne4 10. Nbd2 Nxd2 11. Qxd2 Nd7 12. Qd1 Nb6 13. Nd2 Bg4 14.
h3 Be6 15. e3 Qd7 16. Rc1 Bxh3 17. Qe2 h5 18. c4 h4 19. gxh4 Bf6 20. h5 Bg4 21. Bf3 Bh3 22. Bg2 Bg4 23. Bf3 Bh3 24. Bg2 1/2-1/2

[Event "Late-Titled-Tuesday-Blitz-February-20-2024"]
[Site "Chess.com"]
[Date "2024.02.20"]
[Round "2"]
[White "ybothg"]
[Black "Godzillator"]
[Result "1-0"]
[WhiteElo "2518"]
[BlackElo "2320"]
[TimeControl "180+1"]
[EndTime "14:12:33 PST"]
[Termination "ybothg won by checkmate"]

1. d4 d5 2. Nf3 Nf6 3. Bf4 c5 4. e3 cxd4 5. exd4 Nc6 6. c3 Bf5 7. Bb5 a6 8. Bxc6+ bxc6 9. Ne5 Qb6 10. Qb3 Rb8 11. Nxf7 Qxb3 12. axb3 Rxb3 13. Nxh8 Rxb2 14. Nd2 g6 15. Rxa6 Bg7 16. Ra8+ Kd7 17. Nf7 Ne4 18. Nxe4 Rb1+ 19. Kd2 Rxh1 20. Nc5# 1-0

[Event "Late-Titled-Tuesday-Blitz-February-20-2024"]
[Site "Chess.com"]
[Date "2024.02.20"]
[Round "2"]
[White "manitodeplomo"]
[Black "Hikaru"]
[Result "0-1"]
[WhiteElo "2655"]
[BlackElo "3247"]
[TimeControl "180+1"]
[EndTime "14:13:07 PST"]
[Termination "Hikaru won by resignation"]

1. d4 a6 2. e4 b5 3. Bd3 Bb7 4. Nf3 e6 5. O-O c5 6. c3 d5 7.
e5 Nd7 8. Ng5 g6 9. Qg4 Ne7 10.
Nd2 Nf5 11. Ndf3 Qb6 12. Qf4 h6 13. Nxf7 Kxf7 14. g4 g5 15. Nxg5+ hxg5 16. Qxg5 Be7 17. gxf5 Bxg5 18. Bxg5 Rag8 19. f4 cxd4 20. fxe6+ Qxe6 21. cxd4 Qh3 0-1

[Event "Late-Titled-Tuesday-Blitz-February-20-2024"]
[Site "Chess.com"]
[Date "2024.02.20"]
[Round "2"]
[White "Balla_Tamas"]
[Black "AlexTruskavetsky"]
[Result "0-1"]
[WhiteElo "2373"]
[BlackElo "2714"]
[TimeControl "180+1"]
[EndTime "14:13:13 PST"]
[Termination "AlexTruskavetsky won by checkmate"]

1. e4 c5 2. c3 Nf6 3. e5 Nd5 4. d4 cxd4 5. Nf3 d6 6. cxd4 Nc6 7. Bc4 Nb6 8. Bb5 Bd7 9. exd6 e6 10. Nc3 Bxd6 11. O-O O-O 12. Bg5 Be7 13. Bxe7 Nxe7 14.
Bd3 Nbd5 15. a3 Rc8 16. Rc1 Nxc3 17. bxc3 Qa5 18. Ne5 Be8 19. Qf3 Ng6 20. Bxg6 hxg6 21.
Qxb7 Rxc3 22. Rxc3 Qxc3 23. Qxa7 Bb5 24. Re1 Qxe1# 0-1